 Dungeon Crawl Stone Soup version 0.31.0-4-g52a2dc7128 (webtiles) character file.

Game seed: 14655484440569881696

2172200 SnakkuSnakku7 the Ex Machina (level 27, 273/273 HPs)
             Began as a Merfolk Earth Elementalist on Jan 22, 2024.
             Escaped with the Orb
             ... and 3 runes
             ... and 2 gems on Jan 23, 2024!
             The game lasted 01:44:00 (50438 turns).

SnakkuSnakku7 the Ex Machina (MfEE)                Turns: 50438, Time: 01:44:00

Health: 273/273    AC: 41    Str: 19 (21) XL:     27
Magic:  26/26      EV: 33    Int: 17      God:
Gold:   5044       SH:  0    Dex: 23      Spells: 30/30 levels left

rFire   + + .        a - +9 bardiche (spect)
rCold   + . .        (shield currently unavailable)
rNeg    + . .        s - +3 fire dragon scales
rPois   +            I - +2 helmet of the Candlemaker {rN+ Regen+}
rElec   +            z - +1 cloak of Starlight {*Dazzle EV+4 Stlth--}
rCorr   +            T - +3 pair of gloves of the Thieving Gods {rElec Regen+}
SInv    .            i - +3 pair of mountain boots {steadfast, rC+}
Will    ++...        b - amulet of Ziapiebb {^Drain rElec rPois Regen+ rCorr} Stlth
                     Z - ring "Cuisat" {AC+4 Str+5 Dex+3}
HPRegen 3.85/turn    Y - ring of Creativity {rElec rC+ AC+4 Stlth-}
MPRegen 0.20/turn

%: no passive effects
@: no status effects
A: (nimble swimmer 2), mertail, agile 1, deterioration 1, regeneration 1, robust
1, inability to drink after injury 1
0: Orb of Zot
}: 3/15 runes: barnacled, silver, gossamer
a: no special abilities


You escaped.
You visited 11 branches of the dungeon, and saw 51 of its levels.
You also visited: Trove, Bailey, Gauntlet and Wizlab.

You collected 10707 gold pieces.
You spent 5663 gold pieces at shops.

Inventory:

Hand Weapons
 a - a +9 spectral bardiche (weapon)
Armour
 i - the +3 pair of mountain boots (worn) {steadfast, rC+}
   (You found it in a treasure trove)

   Steadfast: It prevents involuntary movement, except for blinking,
   teleportation, or banishment.
   rC+:       It protects you from cold.
 s - +3 fire dragon scales (worn)
 z - the +1 cloak of Starlight (worn) {*Dazzle EV+4 Stlth--}
   (You found it in a treasure trove)

   *Dazzle:   It may blind those who miss an attack against the wearer in melee
   combat.
   EV+4:      It affects your evasion (+4).
   Stlth--:   It makes you much less stealthy.
 I - the +2 helmet of the Candlemaker (worn) {rN+ Regen+}
   (You found it in a treasure trove)

   rN+:       It protects you from negative energy.
   Regen+:    It increases your rate of health regeneration.
 T - the +3 pair of gloves of the Thieving Gods (worn) {rElec Regen+}
   (You found it on level 3 of the Spider Nest)

   rElec:     It insulates you from electricity.
   Regen+:    It increases your rate of health regeneration.
Jewellery
 b - the amulet of Ziapiebb (around neck) {^Drain rElec rPois Regen+ rCorr}
   (You acquired it on level 5 of the Vaults)

   [amulet of regeneration]

   rElec:     It insulates you from electricity.
   rPois:     It protects you from poison Regen+: It increases your rate of
   health regeneration.
   rCorr:     It protects you from acid and corrosion.
   ^Drain:    It drains your maximum health when unequipped.
 c - the ring of Abstinence {Wiz rF+ Dex+3}
   (You found it on level 3 of the Spider Nest)

   [ring of wizardry]

   Wiz:       It improves your spell success rate.
   Dex+3:     It affects your dexterity (+3).
   rF+:       It protects you from fire.
 t - a ring of protection from cold
 N - the ring "Cannu Joed" {Will+ rCorr Int+5}
   (You took it off a hobgoblin in a bailey)

   [ring of resist corrosion]

   Int+5:     It affects your intelligence (+5).
   Will+:     It increases your willpower.
   rCorr:     It protects you from acid and corrosion.
 Y - the ring of Creativity (right hand) {rElec rC+ AC+4 Stlth-}
   (You took it off a deep elf sorcerer on level 3 of the Elven Halls)

   [ring of protection]

   AC+4:      It affects your AC (+4).
   rC+:       It protects you from cold.
   rElec:     It insulates you from electricity.
   Stlth-:    It makes you less stealthy.
 Z - the ring "Cuisat" (left hand) {AC+4 Str+5 Dex+3}
   (You took it off a deep elf death mage on level 3 of the Elven Halls)

   [ring of protection]

   AC+4:      It affects your AC (+4).
   Str+5:     It affects your strength (+5).
   Dex+3:     It affects your dexterity (+3).
Wands
 e - a wand of mindburst (16)
 l - a wand of polymorph (14)
 r - a wand of paralysis (74)
 x - a wand of flame (68)
 F - a wand of roots (29)
 H - a wand of digging (11)
 V - a wand of acid (48)
Scrolls
 d - 7 scrolls of vulnerability
 g - 10 scrolls of teleportation
 k - 8 scrolls of fog
 m - 4 scrolls of poison
 o - 4 scrolls of noise
 u - a scroll of revelation
 y - 4 scrolls of butterflies
 B - 8 scrolls of immolation
 C - 6 scrolls of fear
 G - a scroll of blinking
 Q - a scroll of silence
Potions
 f - 9 potions of might
 h - 5 potions of enlightenment
 p - 5 potions of cancellation
 q - 4 potions of resistance
 v - 10 potions of attraction
 A - 4 potions of ambrosia
 E - 22 potions of curing
 J - 7 potions of heal wounds
 K - 4 potions of berserk rage
 L - 10 potions of mutation
 M - 11 potions of invisibility
 O - 8 potions of haste
 P - 4 potions of magic
Miscellaneous
 n - a sack of spiders
 w - a tin of tremorstones (2/2)
 D - a lightning rod (4/4)
 U - a phantom mirror
 W - a phial of floods


   Skills:
 O Level 27 Fighting
 - Level 24.0 Polearms
 - Level 2.0 Ranged Weapons
 + Level 17.1 Armour
 O Level 27 Dodging
 - Level 2.1 Stealth
 - Level 2.0 Spellcasting
 - Level 0.7 Conjurations
 - Level 2.4 Earth Magic
 O Level 27 Evocations


You had 30 spell levels left.
You didn't know any spells.
Your spell library contained the following spells:

 Spells                   Type           Power      Damage    Failure   Level
 Sandblast                Erth           18%        2d7       17%         1
 Magic Dart               Conj           16%        1d3       34%         1
 Foxfire                  Conj/Fire      8%         2x1d4     36%         1
 Sting                    Conj/Alch      8%         1d3       36%         1
 Apportation              Tloc           2%         N/A       41%         1
 Slow                     Hex            4%         N/A       41%         1
 Searing Ray              Conj           8%         2d4       45%         2
 Passwall                 Erth           9%         N/A       45%         3
 Momentum Strike          Conj/Tloc      4%         3d8       52%         2
 Static Discharge         Conj/Air       4%         3-4/arc   52%         2
 Blink                    Tloc           2%         N/A       56%         2
 Call Imp                 Summ           2%         N/A       56%         2
 Cigotuvi's Dreadful Rot  Necr/Alch/Air  2%         N/A       56%         2
 Ensorcelled Hibernation  Hex/Ice        2%         N/A       56%         2
 Jinxbite                 Hex            2%         N/A       56%         2
 Lesser Beckoning         Tloc           2%         N/A       56%         2
 Sublimation of Blood     Necr           1%         N/A       56%         2
 Stone Arrow              Conj/Erth      14%        3d7       58%         3
 Dazzling Flash           Conj/Hex       4%         N/A       75%         3
 Hailstorm                Conj/Ice       2%         3d5       75%         3
 Mephitic Cloud           Conj/Alch/Air  2%         N/A       77%         3
 Call Canine Familiar     Summ           1%         N/A       80%         3
 Confusing Touch          Hex            1%         N/A       80%         3
 Frozen Ramparts          Ice            2%         1d1       80%         3
 Fugue of the Fallen      Necr           1%         N/A       80%         3
 Gell's Gravitas          Tloc           1%         N/A       80%         3
 Inner Flame              Hex/Fire       1%         N/A       80%         3
 Ozocubu's Armour         Ice            1%         N/A       80%         3
 Sigil of Binding         Hex            1%         N/A       80%         3
 Summon Ice Beast         Ice/Summ       1%         N/A       80%         3
 Swiftness                Air            1%         N/A       80%         3
 Teleport Other           Tloc           1%         N/A       80%         3
 Tukima's Dance           Hex            1%         N/A       80%         3
 Vampiric Draining        Necr           1%         2d6       80%         3
 Volatile Blastmotes      Fire/Tloc      2%         2d10      80%         3
 Brom's Barrelling Bould  Conj/Erth      7%         2d3       94%         4
 Leda's Liquefaction      Alch/Erth      2%         N/A       95%         4
 Petrify                  Alch/Erth      5%         N/A       95%         4
 Flame Wave               Conj/Fire      2%         2d4       98%         4
 Fulminant Prism          Conj/Alch      1%         3d5       98%         4
 Iskenderun's Mystic Bla  Conj/Tloc      2%         2d3       98%         4
 Airstrike                Air            0%         2d(1-17)  99%         4
 Anguish                  Hex/Necr       0%         N/A       99%         4
 Animate Dead             Necr           1%         N/A       99%         4
 Cause Fear               Hex            0%         N/A       99%         4
 Dimensional Bullseye     Hex/Tloc       0%         N/A       99%         4
 Dispel Undead            Necr           1%         3d6       99%         4
 Ignite Poison            Fire/Alch      1%         N/A       99%         4
 Manifold Assault         Tloc           1%         N/A       99%         4
 Martyr's Knell           Necr/Summ      1%         N/A       99%         4
 Passage of Golubria      Tloc           1%         N/A       99%         4
 Summon Lightning Spire   Summ/Air       1%         N/A       99%         4
 Vhi's Electric Charge    Tloc/Air       2%         N/A       99%         4
 Lee's Rapid Deconstruct  Erth           4%         3d5*      99%         5
 Alistair's Intoxication  Alch           0%         N/A       100%        5
 Arcjolt                  Conj/Air       1%         1d11      100%        5
 Borgnjor's Vile Clutch   Necr/Erth      2%         N/A       100%        5
 Curse of Agony           Necr           1%         N/A       100%        5
 Irradiate                Conj/Alch      1%         3d12      100%        5
 Metabolic Englaciation   Hex/Ice        0%         N/A       100%        5
 Silence                  Hex/Air        0%         N/A       100%        5
 Summon Forest            Summ/Tloc      0%         N/A       100%        5
 Summon Mana Viper        Hex/Summ       1%         N/A       100%        5
 Yara's Violent Unravell  Hex/Alch       0%         3d3       100%        5
 Conjure Ball Lightning   Conj/Air       1%         3x3d6     100%        6
 Death Channel            Necr           0%         N/A       100%        6
 Dispersal                Tloc           0%         N/A       100%        6
 Eringya's Noxious Bog    Alch           0%         4d6       100%        6
 Plasma Beam              Fire/Air       0%         2x1d10    100%        6
 Sculpt Simulacrum        Ice/Alch       0%         N/A       100%        6
 Summon Cactus Giant      Summ           0%         N/A       100%        6
 Enfeeble                 Hex            0%         N/A       100%        7
 Haunt                    Necr/Summ      0%         N/A       100%        7
 Monstrous Menagerie      Summ           0%         N/A       100%        7
 Summon Hydra             Summ           0%         N/A       100%        7
 Discord                  Hex            0%         N/A       100%        8
 Disjunction              Tloc           0%         N/A       100%        8
 Ignition                 Fire           0%         3d3       100%        8
 Infestation              Necr           0%         N/A       100%        8
 Shatter                  Erth           4%         3d8*      100%        9


Dungeon Overview and Level Annotations

Branches:
Dungeon (15/15)            Temple (0/1) D:5            Lair (5/5) D:9
 Shoals (4/4) Lair:3       Spider (4/4) Lair:2        Slime (0/5) Lair:4
    Orc (2/2) D:11            Elf (3/3) Orc:2        Vaults (5/5) D:13
  Crypt (3/3) Vaults:3       Tomb (0/3) Crypt:3      Depths (4/4) D:15
   Hell (visited)             Dis (0/7) Hell            Geh (0/7) Hell
    Coc (0/7) Hell            Tar (0/7) Hell            Zot (5/5) Depths:4
 Bailey (visited)          WizLab (visited)         Gauntlet (visited)

Altars:
Dithmenos
Fedhas
Gozag
Hepliaklqana
Kikubaaqudgha
Makhleb
Nemelex Xobeh
Qazlal
Ru
Sif Muna
Trog
Vehumet
Xom
Yredelemnul
Zin
The Shining One
Jiyva

Shops:
D:1 (   D:5 (   D:7 !   D:9 *   Orc:1 =   Orc:2 *[*!:   Elf:1 =   Shoals:1 :
Shoals:4 [:   Vaults:1 :   Depths:1 (

Portals:
Hell: Depths:1 Depths:2 Depths:3 Depths:4
Abyss: Depths:3
Pandemonium: Depths:2
Ziggurat: Depths:3

Annotations:
Crypt:1 2 transporters, Bunoc's ghost, veteran FoFi


Innate Abilities, Weirdness & Mutations

((You are very nimble when in or above water. (Stealth+, EV+, Speed+++)))
Your lower body shifts to a powerful aquatic tail in water.
You are agile. (Dex +4, Str/Int -1)
Your body sometimes deteriorates upon taking damage.
Your natural rate of healing is unusually fast.
You are robust. (+10% HP)
You occasionally lose the ability to drink potions when taking damage.


Message History

You climb upwards.
There is a stone staircase leading down here.
There is a stone staircase leading up here.
You climb upwards.
There is a stone staircase leading down here.
There is a stone staircase leading up here.
You climb upwards.
There is a stone staircase leading down here.
An Orb Guardian comes into view.
The Orb Guardian completely misses you.
You miss the Orb Guardian.
Your +9 spectral bardiche hits the Orb Guardian from afar!
The Orb Guardian completely misses you.
Unknown command.
You chop the Orb Guardian into pieces!!!
The Orb Guardian is severely wounded.
Your +9 spectral bardiche hits the Orb Guardian from afar!!
The Orb Guardian closely misses you.
You slice the Orb Guardian!!
You kill the Orb Guardian!
Your +9 spectral bardiche disappears.
Things that are here:
4 stones; a +5 war axe; an orc skeleton
There is a stone staircase leading up here.
You climb upwards.
There is a stone staircase leading down here.
A great orb of eyes comes into view.
The great orb of eyes pulsates ominously.
There is a stone staircase leading up here.
You climb upwards.
There is a stone staircase leading down here.
There is a stone staircase leading up, spattered with blood here.
You climb upwards.
There is a stone staircase leading down, spattered with blood here.
There is a stone staircase leading up here.
You climb upwards.
There is a stone staircase leading down here.
A toenail golem comes into view.
There is a staircase leading out of the dungeon here.
You have escaped!

#.# #...# #.... ##### #.#
####...# #.#.. ....# #.# #......#
#.#.. ###.# #.# ####.###.##
#####.... ##..###.## #....###.#
#......#.
.........####........####.###....
#..≈≈≈≈...##..§§≈≈≈..........#.##
..≈≈≈≈≈≈......§≈≈≈≈≈..#.#.##...#
#(≈≈≈≈≈≈.....§≈≈@>≈≈..#.#.##.#.##
#.≈≈≈≈≈≈.....§§9§≈≈≈..#.#...###.#
#..≈≈≈≈..####§.≈≈≈≈.....##.## ##.
##..)...## ##§§......#####.###.#
#####..# #..####..# ###.#.##
#..## ##........## #.......
#...####...##.....# #.......
#.........###.....# #.......
##.##.....# #.....# #.......


You could see a toenail golem.

Vanquished Creatures
  2 dread liches (Zot:5)
  3 ancient liches
  Mara (Elf:3)
  4 orbs of fire
  Boris (thrice) (Vaults:5 Depths:2 Depths:3)
  Vv (Depths:2)
  6 Killer Klowns (Zot:5)
  Geryon (Hell)
  6 golden dragons
  4 bone dragons
  Norris (Vaults:3)
  A profane servitor (Crypt:1)
  Jorgrun (Elf:1)
  3 doom hounds
  10 tentacled monstrosities
  A walking crystal tome (Depths:3)
  Asterion (Depths:2)
  7 liches
  8 titans
  26 Orb Guardians
  A quicksilver dragon (Vaults:5)
  A walking divine tome (Depths:3)
  3 sphinxes
  A deep elf blademaster (Elf:3)
  Polyphemus (Shoals:2)
  The ghost of Icijokka the Severer, an adept FoFi of the Shining One (Spider:3)
  2 deep elf master archers (Elf:3)
  A death cob (Zot:4)
  7 ancient champions
  4 tengu reavers
  The ghost of thechecker02 the Blocker, an adept GnFi of Cheibriados (Shoals:2)
  5 storm dragons
  Kirke (Lair:5)
  Donald (Shoals:1)
  A nagaraja (WizLab)
  Roxanne (Spider:4)
  5 shadow dragons
  A draconian knight (Zot:5)
  9 deep elf sorcerers
  11 vault wardens
  3 revenants
  10 fire giants
  Ilsuiw (Shoals:3)
  A draconian monk (Zot:5)
  A spectral juggernaut (Depths:1)
  2 draconian scorchers (Zot:5)
  3 draconian shifters
  13 frost giants
  8 emperor scorpions
  3 iron dragons
  6 deep elf elementalists (Elf:3)
  A juggernaut zombie (Crypt:3)
  5 ghost moths
  4 balrugs
  A curse skull (Crypt:2)
  2 orc warlords
  A draconian annihilator (Zot:5)
  11 reapers
  A caustic shrike skeleton (Depths:1)
  A broodmother (shapeshifter) (Vaults:5)
  4 demonspawn corrupters (WizLab)
  16 stone giants
  10 very ugly things
  4 green draconians
  9 ironbound thunderhulks
  19 ironbound preservers
  7 deep elf annihilators
  A formless jellyfish (Vaults:2)
  5 vampire knights
  4 deep elf demonologists (Elf:3)
  6 deep elf death magi
  4 black draconians (Zot:5)
  A minotaur (Gauntlet)
  11 dire elephants
  5 war gargoyles
  5 purple draconians
  A lorocyproca (Hell)
  4 red draconians
  2 putrid mouths (Hell)
  2 spark wasps
  A wendigo (Hell)
  3 yellow draconians
  Nessos (Lair:4)
  11 fire dragons
  A quicksilver dragon zombie (Vaults:4)
  An eidolon (Crypt:1)
  6 jiangshi
  3 crystal guardians (Crypt:3)
  An iron golem (Hell)
  10 merfolk impalers
  Josephine (Lair:5)
  8 ettins
  2 green deaths
  11 merfolk javelineers
  16 yaktaur captains
  5 entropy weavers
  10 deep elf high priests
  A hell beast (Gauntlet)
  3 hydras
  12 great orbs of eyes
  The ghost of freelancePsychic the Carver, a journeyman MfEE of Cheibriados (D:9)
  44 vault guards
  A spriggan zombie (Crypt:3)
  9 ice dragons
  4 rakshasas
  4 ogre magi
  6 catoblepae
  5 spriggan air magi
  4 jorogumos
  7 merfolk aquamancers
  2 radroaches
  A fenstrider witch skeleton (Crypt:1)
  A stoker (Hell)
  5 alligator snapping turtles
  3 death knights
  An Orb Guardian zombie (Crypt:1)
  10 boulder beetles
  36 dancing weapons
  7 ironbound frosthearts
  2 merfolk avatars
  5 deep troll shamans
  2 satyrs
  11 centaur warriors
  13 two-headed ogres
  10 death yaks
  5 deep troll earth magi
  8 tengu warriors
  8 vampire magi
  2 titan zombies (Crypt:3)
  5 occultists (WizLab)
  26 deep elf knights
  An alligator (shapeshifter) (Vaults:5)
  4 demonic crawlers
  10 hell hogs
  An orc high priest (Orc:1)
  2 spriggan berserkers (Depths:3)
  12 hell knights
  Urug (Lair:5)
  13 sun demons
  4 soul eaters
  Sonja (D:11)
  A storm dragon skeleton (Depths:1)
  34 skeletal warriors
  6 iron trolls
  A salamander mystic (Depths:3)
  7 skysharks
  3 shadow wraiths (Crypt:1)
  14 sea snakes
  10 pharaoh ants
  A bunyip zombie (Crypt:3)
  An orb spider (shapeshifter) (Vaults:5)
  A sea snake (shapeshifter) (D:15)
  11 orb spiders
  2 shadow demons (D:15)
  A sun moth (shapeshifter) (Vaults:5)
  A golden dragon skeleton (Depths:1)
  49 deep trolls
  8 arcanists
  10 deep elf archers
  A sun moth (Spider:1)
  8 phantasmal warriors
  6 flayed ghosts
  A spriggan simulacrum (Hell)
  A glowing orange brain (shapeshifter) (Depths:3)
  7 lindwurms (Vaults:2)
  8 glowing orange brains
  31 harpies
  23 ironbound convokers
  Pikel (D:6)
  An anaconda skeleton (Crypt:3)
  7 orc knights
  19 wolf spiders
  21 fauns
  5 steelbarb worms
  29 deep elf pyromancers
  14 necromancers
  35 ugly things
  8 cyclopes
  A faun (shapeshifter) (Vaults:5)
  33 deep elf zephyrmancers
  An orc sorcerer (Orc:1)
  A shining eye (shapeshifter) (Vaults:5)
  5 salamanders
  A fire giant skeleton (Depths:1)
  12 moths of wrath
  5 worldbinders (WizLab)
  A rust devil (Depths:3)
  10 elephants
  2 dire elephant zombies
  A meliai (shapeshifter) (Elf:3)
  2 stone giant skeletons
  13 merfolk sirens
  21 manticores
  A frost giant skeleton (Crypt:2)
  A guardian serpent (WizLab)
  3 meliai (D:14)
  3 black mambas
  2 centaur zombies
  14 vault sentinels
  9 water nymphs
  2 orange demons (Gauntlet)
  An iron dragon skeleton (Depths:1)
  A draconian skeleton (Crypt:3)
  A molten gargoyle (Depths:3)
  5 torpor snails
  2 smoke demons (Hell)
  A green draconian zombie (Crypt:2)
  8 cane toads
  A black mamba (shapeshifter) (Depths:1)
  3 hellions
  An emperor scorpion simulacrum (Hell)
  2 unseen horrors (D:12)
  An unseen horror zombie (Crypt:2)
  A gargoyle (D:10)
  A rime drake (Lair:3)
  2 tormentors
  25 yaktaurs
  A dire elephant skeleton (Crypt:3)
  10 freezing wraiths
  7 komodo dragons
  A hellwing (D:15)
  Psyche (D:8)
  6 tengu conjurers
  6 wind drakes
  A great orb of eyes zombie (Crypt:1)
  A red devil (Hell)
  26 merfolk
  13 trolls
  4 polar bears
  A troll (shapeshifter) (D:13)
  Grinder (D:6)
  33 tarantellas
  4 hornets
  A guardian serpent zombie (Crypt:1)
  A glass eye (shapeshifter) (Depths:2)
  A snapping turtle (shapeshifter) (Vaults:3)
  A glass eye (Depths:1)
  Prince Ribbit (D:7)
  28 blink frogs
  4 dream sheep
  3 ettin zombies
  7 air elementals
  A fire dragon zombie (Crypt:3)
  8 snapping turtles
  31 slime creatures
  Sigmund (D:7)
  10 wraiths
  2 spriggans
  18 water elementals
  22 jumping spiders
  A shadow (D:11)
  7 wyverns
  51 yaks
  28 culicivoras
  An ice dragon skeleton (Crypt:2)
  2 vampires
  2 fire elementals (Elf:1)
  2 hogs (Lair:5)
  A naga simulacrum (Hell)
  3 basilisks (D:15)
  59 redbacks
  4 wargs
  A steam dragon (D:7)
  2 vampire mosquitoes (D:15)
  Edmund (D:7)
  A naga zombie (Hell)
  An ogre zombie (Vaults:4)
  30 water moccasins
  A hell hound (Gauntlet)
  2 acid dragons
  A deep troll skeleton (Crypt:2)
  26 orc warriors
  5 black bears
  30 laughing skulls
  3 ice beasts
  8 boggarts
  29 ogres
  The ghost of RancidPinata the Sneak, an amateur OpDe (D:4)
  30 wolves
  16 centaurs
  A lemure (D:6)
  2 phantoms
  A lindwurm skeleton (Crypt:2)
  2 kobold brigands
  Blork the orc (D:6)
  A human zombie (Vaults:4)
  12 bullfrogs
  A necrophage (Crypt:3)
  6 scorpions
  3 earth elementals
  7 wights
  4 howler monkeys
  2 bombardier beetles (D:6)
  3 hounds (D:5)
  9 orc priests
  3 gnoll boudas
  3 iron imps (D:3)
  3 jellies
  3 sleepcaps
  3 centaur skeletons
  An iguana (D:4)
  7 orc wizards
  A scorpion zombie (Crypt:1)
  2 hound skeletons (Crypt:2)
  24 gnolls
  23 adders
  A steam dragon skeleton (Crypt:1)
  2 white imps
  4 ufetubi
  2 ribbon worms (D:2)
  67 orcs
  7 endoplasms
  2 giant cockroaches
  20 hobgoblins
  7 kobolds
  A quokka (D:1)
  6 ball pythons (D:1)
  4 bats
  21 goblins
  A hobgoblin skeleton (Crypt:2)
  5 rats
  2 fire vortices (Hell)
2222 creatures vanquished.

Vanquished Creatures (others)
  Nikola (Shoals:1)
  A draconian scorcher (Zot:5)
  A deep elf annihilator (Vaults:5)
  A deep elf high priest (Elf:3)
  An ogre mage (Vaults:5)
  A deep elf knight (Elf:2)
  A deep elf pyromancer (Elf:1)
  A redback (Spider:4)
  2 humans (Lair:5)
  An orc warrior (D:15)
  110 spectral weapons
121 creatures vanquished.

Grand Total: 2343 creatures vanquished

Notes
Turn   | Place    | Note
-------+----------+-------------------------------------------
     0 | D:1      | SnakkuSnakku7 the Merfolk Earth Elementalist began the
                  | quest for the Orb.
     0 | D:1      | Reached XP level 1. HP: 13/13 MP: 3/3
   216 | D:1      | Reached skill level 1 in Ranged Weapons
   216 | D:1      | Reached XP level 2. HP: 17/20 MP: 5/5
   365 | D:1      | Reached XP level 3. HP: 23/25 MP: 6/6
   668 | D:1      | Found Emioc's Weapon Emporium.
   891 | D:2      | Reached skill level 1 in Polearms
  1484 | D:2      | Reached XP level 4. HP: 8/31 MP: 7/7
  1737 | D:1      | Bought a +0 bardiche of protection for 128 gold pieces
  1803 | D:3      | Identified the +2 buckler "Ral Ymos" {Fly}
  1843 | D:3      | Found a burning altar of Makhleb.
  1998 | D:3      | Reached XP level 5. HP: 36/36 MP: 8/8
  2010 | D:3      | Reached skill level 5 in Polearms
  2094 | D:3      | Identified the +0 ring mail of the Turtle {Dex+2}
  2413 | D:4      | Reached XP level 6. HP: 30/42 MP: 9/9
  2820 | D:4      | Reached XP level 7. HP: 13/47 MP: 10/10
  2969 | D:4      | HP: 2/47 [poisoned by a scorpion]
  3362 | D:5      | Entered Level 5 of the Dungeon
  3565 | D:5      | Found a staircase to the Ecumenical Temple.
  3636 | D:5      | Reached skill level 10 in Polearms
  3645 | D:5      | Reached XP level 8. HP: 52/53 MP: 11/11
  3648 | D:5      | Noticed a wyvern
  3655 | D:5      | Killed a wyvern
  3969 | D:5      | Noticed RancidPinata's ghost (amateur OpDe)
  3970 | D:5      | Found a runed translucent gate.
  3971 | D:5      | Found a runed translucent gate.
  3971 | D:5      | Identified the +3 leather armour "Tenamp" {Str-2 Dex+2
                  | Slay+3}
  3972 | D:5      | Found a runed translucent gate.
  4104 | D:5      | Found Ricwok's Weapon Shoppe.
  4340 | D:4      | Killed RancidPinata's ghost
  4341 | D:4      | Reached skill level 1 in Evocations
  4660 | D:6      | Noticed Pikel
  4691 | D:6      | Killed Pikel
  4692 | D:6      | Reached XP level 9. HP: 42/58 MP: 12/12
  4792 | D:6      | Noticed Grinder
  4798 | D:6      | Killed Grinder
  4805 | D:6      | Noticed Blork the orc
  4811 | D:6      | Killed Blork the orc
  4915 | D:6      | Reached skill level 15 in Polearms
  5029 | D:6      | Found a shadowy altar of Dithmenos.
  5030 | D:6      | Found a hazy altar of Hepliaklqana.
  5073 | D:6      | Identified the +3 flail of the People {drain, rElec rC++
                  | Will- MP+9}
  5165 | D:6      | Found a shimmering blue altar of Sif Muna.
  5165 | D:6      | Found a shimmering altar of Xom.
  5524 | D:7      | Identified the +3 leather armour "Dumuag" {Dex+3 SInv}
  5545 | D:7      | Reached XP level 10. HP: 48/64 MP: 13/13
  5607 | D:7      | Noticed Prince Ribbit
  5610 | D:7      | Killed Prince Ribbit
  5617 | D:7      | Noticed Sigmund
  5621 | D:7      | Noticed Edmund
  5626 | D:7      | Killed Sigmund
  5632 | D:7      | Killed Edmund
  5807 | D:7      | Found Sewoegh's Distillery.
  5810 | D:7      | Bought 2 potions of heal wounds for 120 gold pieces
  5810 | D:7      | Bought a potion of heal wounds for 60 gold pieces
  6008 | D:8      | Noticed Psyche
  6017 | D:8      | Killed Psyche
  6162 | D:8      | Found a flagged portal.
  6180 | Bailey   | Entered a bailey
  6438 | Bailey   | Reached skill level 5 in Evocations
  6441 | Bailey   | HP: 3/64 [orc warrior/+0 war axe (14)]
  6690 | Bailey   | Identified the +9 arbalest of Cuegoumu {antimagic, Str+3}
  6719 | Bailey   | Noticed an orc warlord
  6728 | Bailey   | Killed an orc warlord
  6758 | Bailey   | Identified the ring "Cannu Joed" {Will+ rCorr Int+5}
  6795 | Bailey   | Acquired 835 gold pieces
  6855 | D:8      | Reached XP level 11. HP: 55/69 MP: 14/14
  6880 | D:8      | Found a glowing golden altar of the Shining One.
  7033 | D:8      | Found a sparkling altar of Nemelex Xobeh.
  7166 | D:9      | Found a glowing silver altar of Zin.
  7166 | D:9      | Found an opulent altar of Gozag.
  7258 | D:7      | Bought a potion of haste for 120 gold pieces
  7258 | D:7      | Bought a potion of attraction for 36 gold pieces
  7665 | D:9      | Found a runed translucent gate.
  7666 | D:9      | Found a runed translucent gate.
  7666 | D:9      | Found an opulent altar of Gozag.
  7667 | D:9      | Found a runed translucent gate.
  7668 | D:9      | Found Iciranuz's Assorted Antiques.
  7668 | D:9      | Noticed freelancePsychic's ghost (journeyman MfEE)
  7669 | D:9      | Noticed a deep elf pyromancer
  7669 | D:9      | Noticed a centaur warrior
  7812 | D:9      | Found a staircase to the Lair.
  7978 | D:9      | Found a blossoming altar of Fedhas.
  8215 | D:10     | Entered Level 10 of the Dungeon
  8222 | D:10     | Paralysed by a hornet for 2 turns
  8498 | D:10     | Found a stormy altar of Qazlal.
  8536 | D:10     | Reached skill level 1 in Fighting
  8749 | D:10     | Found an ancient bone altar of Kikubaaqudgha.
  8876 | D:10     | Found a sacrificial altar of Ru.
  8913 | D:10     | Identified the +1 leather armour of the Nightingale
                  | {Rampage rC- Int+2}
  8964 | D:10     | Identified the +10 glaive "Backscratcher" {flame, rF+ Int-2
                  | SInv}
  8971 | D:10     | Identified the ring of the Ubiquitous God {rN+ Str+6}
  9135 | Lair:1   | Entered Level 1 of the Lair of Beasts
  9326 | Lair:1   | Reached skill level 5 in Fighting
  9714 | Lair:1   | Reached XP level 12. HP: 81/94 MP: 15/15
 10209 | Lair:2   | Found a hole to the Spider Nest.
 10313 | Lair:2   | Found a glowing golden altar of the Shining One.
 10336 | Lair:2   | Reached skill level 10 in Fighting
 10584 | Lair:2   | Reached skill level 5 in Dodging
 11457 | Lair:3   | Reached skill level 10 in Dodging
 11555 | Lair:3   | Found a staircase to the Shoals.
 12187 | Lair:4   | Noticed a five-headed hydra
 12267 | Lair:4   | Reached XP level 13. HP: 103/103 MP: 16/16
 12555 | Lair:4   | Reached skill level 10 in Evocations
 12914 | Lair:4   | Found a staircase to the Slime Pits.
 12915 | Lair:4   | Noticed Nessos
 12921 | Lair:4   | Killed Nessos
 12934 | Lair:4   | Found a viscous altar of Jiyva.
 13069 | Lair:5   | Entered Level 5 of the Lair of Beasts
 13118 | Lair:5   | Noticed Josephine
 13132 | Lair:5   | Killed Josephine
 13426 | Lair:5   | Noticed Kirke
 13449 | Lair:5   | Killed Kirke
 13552 | Lair:5   | Reached XP level 14. HP: 70/113 MP: 17/17
 14215 | Lair:5   | Identified the amulet of Jodyf {Spirit Int+4}
 14525 | Lair:5   | Noticed Urug
 14922 | Lair:5   | Killed Urug
 15394 | D:11     | Found a staircase to the Orcish Mines.
 15499 | D:11     | Noticed Sonja
 15502 | D:11     | Killed Sonja
 15973 | D:12     | Reached skill level 15 in Fighting
 16052 | D:12     | Identified the +1 buckler of Imposs {*Corrode rF+ SInv}
 16096 | D:12     | Reached skill level 1 in Armour
 16707 | Orc:1    | Entered Level 1 of the Orcish Mines
 17021 | Orc:1    | Found Hidatux's Jewellery Shop.
 17030 | Orc:1    | Bought a +4 ring of protection for 540 gold pieces
 17121 | Orc:2    | Entered Level 2 of the Orcish Mines
 17436 | Orc:1    | Reached XP level 15. HP: 98/129 MP: 14/18
 17638 | Orc:1    | Reached skill level 5 in Armour
 17924 | Orc:2    | Found a staircase to the Elven Halls.
 18100 | Orc:2    | Paralysed by an ogre mage for 5 turns
 18361 | Orc:2    | Paralysed by an ogre mage for 2 turns
 18634 | Orc:2    | Found a burning altar of Makhleb.
 18637 | Orc:2    | Found Eaeh's Eclectic Emporium.
 18654 | Orc:2    | Found Weemi's Assorted Antiques.
 18659 | Orc:2    | Found Ypluuda's Antique Armour Shoppe.
 18660 | Orc:2    | Found Sugiheor's Book Shop.
 18666 | Orc:2    | Found Ycuaveeg's Distillery.
 18705 | Orc:2    | Bought a scroll of enchant armour for 112 gold pieces
 18705 | Orc:2    | Bought a scroll of enchant weapon for 112 gold pieces
 18705 | Orc:2    | Bought a potion of experience for 750 gold pieces
 18736 | Orc:2    | Bought a potion of haste for 290 gold pieces
 18736 | Orc:2    | Bought a scroll of teleportation for 87 gold pieces
 18752 | Orc:2    | Bought a potion of haste for 120 gold pieces
 18752 | Orc:2    | Bought 2 potions of heal wounds for 120 gold pieces
 18752 | Orc:2    | Bought a potion of resistance for 120 gold pieces
 18752 | Orc:2    | Bought 2 potions of might for 96 gold pieces
 18752 | Orc:2    | Bought a potion of cancellation for 96 gold pieces
 18752 | Orc:2    | Bought a potion of curing for 36 gold pieces
 19210 | D:13     | Found a gate to the Vaults.
 19774 | D:14     | Found a gate leading to a gauntlet.
 19793 | Gauntlet | Entered a Gauntlet
 19793 | Gauntlet | Found a transporter.
 19793 | Gauntlet | Found a transporter.
 19806 | Gauntlet | Found a transporter.
 19823 | Gauntlet | Found a transporter.
 19823 | Gauntlet | Found a transporter.
 19825 | Gauntlet | Found a transporter.
 19825 | Gauntlet | Found a transporter.
 19826 | Gauntlet | Found a transporter.
 19837 | Gauntlet | Found a transporter.
 19853 | Gauntlet | Found a transporter.
 19863 | Gauntlet | Found a transporter.
 19868 | Gauntlet | Noticed a cacodemon
 19877 | Gauntlet | Found a transporter.
 19897 | Gauntlet | Found a transporter.
 19909 | Gauntlet | Found a transporter.
 19999 | Gauntlet | Got the Compendium of United Intoxication
 20007 | Gauntlet | Identified the +1 cloak of the Orcish Mines {Rampage Int+4
                  | Dex+2 SInv}
 20191 | Gauntlet | Reached XP level 16. HP: 138/138 MP: 19/19
 20692 | D:14     | Identified the amulet of Liberalism {Rampage Regen+}
 20731 | D:14     | Reached skill level 10 in Armour
 20973 | D:14     | Reached XP level 17. HP: 144/144 MP: 18/20
 21238 | D:14     | Paralysed by an ogre mage for 4 turns
 21258 | D:14     | Found a faded altar of an unknown god.
 21258 | D:14     | Found a hazy altar of Hepliaklqana.
 21301 | D:15     | Entered Level 15 of the Dungeon
 22165 | D:15     | Found a staircase to the Depths.
 22387 | D:9      | Killed freelancePsychic's ghost
 22446 | D:9      | Bought a potion of curing for 90 gold pieces
 22446 | D:9      | Bought an encrusted bronze ring for 150 gold pieces
 22546 | Shoals:1 | Entered Level 1 of the Shoals
 22548 | Shoals:1 | Found Iteupset's Book Boutique.
 22633 | Shoals:1 | Noticed Nikola
 22946 | Shoals:1 | Noticed Donald
 23006 | Shoals:1 | Killed Donald
 23123 | Shoals:1 | Killed Nikola
 23243 | Shoals:2 | Found a transporter.
 23402 | Shoals:2 | Noticed Polyphemus
 23415 | Shoals:2 | Killed Polyphemus
 23512 | Shoals:2 | Noticed thechecker02's ghost (adept GnFi)
 23873 | Shoals:2 | Reached XP level 18. HP: 117/154 MP: 21/21
 23958 | Shoals:2 | Found a transporter.
 23964 | Shoals:2 | Identified the ring of Sloth {Slay+2 SInv}
 23966 | Shoals:2 | Found a bloodstained altar of Trog.
 24182 | Shoals:2 | HP: 6/155 [thechecker02's ghost/stone arrow (50)]
 24273 | Shoals:2 | Killed thechecker02's ghost
 24288 | Shoals:2 | Identified the +2 pair of boots of Wurphuxi {rN+}
 24575 | Shoals:3 | Noticed Ilsuiw
 24595 | Shoals:3 | Killed Ilsuiw
 24835 | Shoals:4 | Entered Level 4 of the Shoals
 25151 | Shoals:4 | Found Hasuom's Armour Shoppe.
 25166 | Shoals:4 | Found Wyceask's Vocational Training.
 25426 | Shoals:4 | Got a barnacled rune of Zot
 25499 | Shoals:4 | Reached XP level 19. HP: 107/169 MP: 22/22
 25697 | Shoals:4 | Reached skill level 15 in Dodging
 25704 | Shoals:4 | Got Lee's Compilation of the Quarry
 25766 | Shoals:4 | Identified the amulet of the Coward {Reflect Int+2 SH+5}
 25969 | Spider:1 | Entered Level 1 of the Spider Nest
 26279 | Spider:1 | Found the +11 plutonium sword {^Contam Stlth-}
 27144 | Spider:2 | Found a runed translucent door.
 27173 | Spider:2 | You fall into a shaft and drop 1 floor!
 27255 | Spider:3 | Identified the ring of Abstinence {Wiz rF+ Dex+3}
 27303 | Spider:3 | Noticed Icijokka's ghost (adept FoFi)
 27363 | Spider:3 | Found a transporter.
 27383 | Spider:3 | Found a transporter.
 28484 | Spider:4 | Entered Level 4 of the Spider Nest
 28750 | Spider:4 | Reached XP level 20. HP: 119/176 MP: 23/23
 28903 | Spider:4 | Noticed Roxanne
 29274 | Spider:4 | Identified the +2 hat of the Vacuum {Str+3}
 29297 | Spider:4 | Got a gossamer rune of Zot
 29453 | Spider:4 | Killed Roxanne
 29881 | Spider:3 | Killed Icijokka's ghost
 29954 | Spider:3 | Identified the +3 pair of gloves of the Thieving Gods
                  | {rElec Regen+}
 29972 | Spider:3 | Identified the ring "Funovetre" {rElec rF- rCorr Int+6}
 29977 | Spider:3 | Acquired 1158 gold pieces
 30182 | Shoals:4 | Bought a manual of Evocations for 1280 gold pieces
 30443 | Elf:1    | Entered Level 1 of the Elven Halls
 30481 | Elf:1    | Found a radiant altar of Vehumet.
 30580 | Elf:1    | Found Kuappum's Jewellery Shoppe.
 30709 | Elf:1    | Reached skill level 15 in Evocations
 30765 | Elf:1    | Noticed Jorgrun
 30784 | Elf:1    | HP: 2/176 [burnt (10)]
 30842 | Elf:1    | Killed Jorgrun
 30984 | Elf:1    | Got the Codex of the Grue
 31040 | Elf:1    | Paralysed by an air elemental for 1 turns
 31648 | Elf:2    | Found a runed translucent gate.
 31648 | Elf:2    | Found a runed translucent gate.
 31653 | Elf:2    | Found a runed translucent gate.
 31790 | Elf:2    | Identified the +1 leather armour "Egaorph" {rPois rF+
                  | Dex+3}
 31992 | Elf:2    | Paralysed by an air elemental for 1 turns
 32247 | Elf:2    | Reached XP level 21. HP: 183/183 MP: 24/24
 32672 | Elf:3    | Entered Level 3 of the Elven Halls
 32709 | Elf:3    | Paralysed by an air elemental for 1 turns
 32841 | Elf:3    | Paralysed by an air elemental for 1 turns
 32843 | Elf:3    | Paralysed by an air elemental for 1 turns
 33039 | Elf:3    | Noticed Mara
 33050 | Elf:3    | Killed Mara
 33642 | Elf:3    | Identified the ring of Creativity {rElec rC+ AC+4 Stlth-}
 33709 | Elf:3    | Identified the ring "Cuisat" {AC+4 Str+5 Dex+3}
 33709 | Elf:3    | Identified the +8 demon blade of the Living Dead {freeze,
                  | rF+ Int+4}
 33729 | Elf:3    | Identified the ring "Samauzuo" {Will+ rCorr}
 33808 | Elf:3    | Got the Discourse on Location and Gloom
 33822 | Elf:3    | Identified the +1 pair of gloves "Lull" {*Slow rN+ Str+6
                  | Dex+3}
 33846 | Elf:3    | Identified the +0 ring mail of Unoeheph {Str+2 Dex+7}
 33870 | Elf:3    | Identified the staff "Fyfeliuh" {rElec rF+ Str+3 Dex+4
                  | Conj}
 33875 | Elf:3    | Identified the +10 longbow of Xom {flame, rF- rN++ MP+9
                  | Dex+3}
 34302 | Vaults:1 | Entered Level 1 of the Vaults
 35228 | Vaults:1 | Found Weskiv's Book Emporium.
 35342 | Vaults:1 | Reached XP level 22. HP: 184/190 MP: 25/25
 35348 | Vaults:1 | Reached skill level 15 in Armour
 35496 | Orc:2    | Bought a manual of Evocations for 1200 gold pieces
 36769 | Vaults:3 | Noticed Norris
 36777 | Vaults:3 | Killed Norris
 37247 | Vaults:3 | Got Quaburru's Monograph on the Frigorific Union
 37644 | Vaults:3 | Found a staircase to the Crypt.
 37644 | Vaults:3 | Found an ancient bone altar of Kikubaaqudgha.
 37644 | Vaults:3 | Found a basalt altar of Yredelemnul.
 37740 | Vaults:4 | Found a magical portal.
 37747 | WizLab   | Entered Alistair's Party Mansion
 37992 | WizLab   | Acquired 958 gold pieces
 38024 | WizLab   | Reached XP level 23. HP: 196/196 MP: 26/26
 38533 | Vaults:4 | Identified the +5 mace of Hinwag {heavy, rElec rF+ Str-3
                  | Dex+3}
 38679 | Vaults:4 | Noticed an ancient lich
 38691 | Vaults:4 | Killed an ancient lich
 39177 | Vaults:4 | Identified the +7 war axe of Zydd {distort, rC- Int+3 SInv}
 39399 | Vaults:5 | Entered Level 5 of the Vaults
 39594 | Crypt:1  | Entered Level 1 of the Crypt
 39608 | Crypt:1  | Found a transporter.
 39609 | Crypt:1  | Found a transporter.
 39609 | Crypt:1  | Noticed Bunoc's ghost (veteran FoFi)
 39611 | Crypt:1  | Noticed a dread lich
 40087 | Crypt:1  | Found a basalt altar of Yredelemnul.
 40155 | Crypt:1  | Identified the +2 quarterstaff of Ickigh {freeze, rF+ Int+2
                  | SInv}
 41241 | Crypt:3  | Entered Level 3 of the Crypt
 41274 | Crypt:3  | Reached skill level 27 in Evocations
 41300 | Crypt:3  | Reached XP level 24. HP: 202/202 MP: 26/26
 41367 | Crypt:3  | Found a staircase to the Tomb.
 41367 | Crypt:3  | Found the +7 great mace "Undeadhunter" {deathbane, rN+}
 41649 | Crypt:3  | Found a basalt altar of Yredelemnul.
 41649 | Crypt:3  | Noticed an ancient lich
 41654 | Crypt:3  | Killed an ancient lich
 41695 | Crypt:3  | Identified the ring "Boskeaz" {rElec rPois rN+ MP-9 Dex+3}
 41695 | Crypt:3  | Identified the ring "Edeuqid" {rC+ rN+ rCorr Str-5 Stlth+}
 41695 | Crypt:3  | Identified the ring "Roneno" {rN+ Str-3 Int+3 Dex+4}
 41700 | Crypt:3  | Identified the +0 leather armour "Ykkiynua" {Str+3}
 42313 | Vaults:5 | Got the Directory of Argyropoeia and the Catacomb
 42320 | Vaults:5 | Identified the +3 spear "Ziat" {freeze, rF+ Int+2 Stlth+}
 42331 | Vaults:5 | Got a silver rune of Zot
 42360 | Vaults:5 | Got Oducied's Volume of the Unstable Icicle
 42442 | Vaults:5 | Noticed Boris
 42468 | Vaults:5 | Killed Boris
 42940 | Vaults:5 | Identified the +2 broad axe of Valiance {drain, +Blink
                  | rElec MP-9 Str-5 SInv}
 42951 | Vaults:5 | Reached XP level 25. HP: 198/223 MP: 26/26
 43173 | Vaults:5 | Identified the +5 short sword "Dragonslayer" {flame, *Slow
                  | rPois rC+ Will++}
 43276 | Vaults:5 | Gained mutation: You occasionally lose the ability to drink
                  | potions when taking damage. [a shining eye]
 43332 | Vaults:5 | Acquired the amulet of Ziapiebb {^Drain rElec rPois Regen+
                  | rCorr}
 44035 | Depths:1 | Entered Level 1 of the Depths
 44035 | Depths:1 | Found an ancient bone altar of Kikubaaqudgha.
 44053 | Depths:1 | Found a basalt altar of Yredelemnul.
 44072 | Depths:1 | You fall into a shaft and drop 1 floor!
 44072 | Depths:2 | Noticed Boris
 44092 | Depths:2 | Killed Boris
 44095 | Depths:2 | Noticed Vv
 44174 | Depths:2 | Found a sacrificial altar of Ru.
 44190 | Depths:2 | Noticed Asterion
 44199 | Depths:2 | Killed Asterion
 44214 | Depths:2 | Found a gateway to Hell.
 44272 | Depths:2 | Killed Vv
 44629 | Depths:2 | Found a one-way gate leading to the halls of Pandemonium.
 44842 | Depths:1 | Paralysed by a sphinx for 2 turns
 45074 | Depths:1 | Found Seyfetal's Antique Weapon Emporium.
 45641 | Depths:3 | Found a one-way gateway to a ziggurat.
 45845 | Depths:3 | Noticed Boris
 45916 | Depths:3 | Found a one-way gate to the infinite horrors of the Abyss.
 46119 | Depths:4 | Entered Level 4 of the Depths
 46233 | Depths:4 | Reached skill level 27 in Fighting
 46311 | Depths:4 | Found a portal to a secret trove of treasure.
 46355 | Depths:4 | Reached XP level 26. HP: 168/240 MP: 26/26
 46520 | Depths:4 | Found a gate to the Realm of Zot.
 46527 | Depths:4 | Got a midnight gem with 641 turns to spare
 46981 | Depths:3 | Killed Boris
 47100 | Depths:3 | Identified the +1 battleaxe "Poinil" {freeze, *Slow Fly
                  | Int+4 SInv}
 47855 | Hell     | Entered the Vestibule of Hell
 47855 | Hell     | Noticed Geryon
 48212 | Hell     | Found a gateway to the freezing wastes of Cocytus.
 48277 | Hell     | Paralysed by a wendigo for 1 turns
 48395 | Hell     | Killed Geryon
 48474 | Hell     | Found a gateway to the decaying netherworld of Tartarus.
 48538 | Hell     | Found a gateway to the ashen valley of Gehenna.
 48614 | Hell     | Found a gateway to the Iron City of Dis.
 48959 | Depths:4 | You paid a toll of the horn of Geryon to enter a treasure
                  | trove
 48960 | Trove    | Entered a treasure trove
 48962 | Trove    | Found the +1 cloak of Starlight {*Dazzle EV+4 Stlth--}
 48963 | Trove    | Found the +3 pair of mountain boots {steadfast, rC+}
 48964 | Trove    | Identified the +1 scale mail of Crawling {rC+ Dex-2 Slay+2}
 48969 | Trove    | Identified the +2 helmet of the Candlemaker {rN+ Regen+}
 48970 | Trove    | Identified the +1 pair of gloves "Coboilub" {Slay+3 SInv}
 48999 | Trove    | Identified the +4 ring mail of Epsaul {rElec Dex+3}
 49046 | Zot:1    | Entered Level 1 of the Realm of Zot
 49077 | Zot:3    | Noticed an orb of fire
 49082 | Zot:3    | Gained mutation: Your body sometimes deteriorates upon
                  | taking damage. [an orb of fire]
 49094 | Zot:3    | Gained mutation: Potions are less effective at restoring
                  | your health. [an orb of fire]
 49099 | Zot:3    | Killed an orb of fire
 49101 | Zot:3    | Lost mutation: You occasionally lose the ability to drink
                  | potions when taking damage. [potion of mutation]
 49101 | Zot:3    | Lost mutation: Potions are less effective at restoring your
                  | health. [potion of mutation]
 49101 | Zot:3    | Lost mutation: Your body sometimes deteriorates upon taking
                  | damage. [potion of mutation]
 49101 | Zot:3    | Gained mutation: You are robust. (+10% HP) [potion of
                  | mutation]
 49101 | Zot:3    | Gained mutation: Your natural rate of healing is unusually
                  | fast. [potion of mutation]
 49101 | Zot:3    | Gained mutation: You are agile. (Dex +4, Str/Int -1)
                  | [potion of mutation]
 49132 | Zot:5    | Entered Level 5 of the Realm of Zot
 49268 | Zot:5    | Noticed a Killer Klown
 49301 | Zot:5    | Killed a Killer Klown
 49302 | Zot:5    | Reached XP level 27. HP: 216/273 MP: 26/26
 49330 | Zot:5    | Got a prismatic gem with 741 turns to spare
 49385 | Zot:5    | Noticed a dread lich
 49398 | Zot:5    | Killed a dread lich
 49405 | Zot:5    | Noticed a dread lich
 49424 | Zot:5    | Noticed an orb of fire
 49433 | Zot:5    | Killed an orb of fire
 49440 | Zot:5    | Killed a dread lich
 49441 | Zot:5    | Reached skill level 27 in Dodging
 49592 | Zot:5    | Noticed an orb of fire
 49594 | Zot:5    | Gained mutation: You occasionally lose the ability to drink
                  | potions when taking damage. [an orb of fire]
 49597 | Zot:5    | Noticed an orb of fire
 49608 | Zot:5    | Gained mutation: Your body sometimes deteriorates upon
                  | taking damage. [an orb of fire]
 49613 | Zot:5    | Killed an orb of fire
 49625 | Zot:5    | Killed an orb of fire
 49631 | Zot:5    | Noticed an ancient lich
 49635 | Zot:5    | Killed an ancient lich
 49834 | Zot:5    | Got the Orb of Zot
 50129 | D:15     | Noticed Zaruts the pandemonium lord
 50130 | D:15     | Noticed an ancient lich
 50438 | D:$      | Escaped with the Orb!

Illustrated notes

Levels and vault maps discovered:
D:1:      dpeg_arrival_pits, layout_loops_cross, serial_shops, shop,
          serial_bayou_pond_e
D:2:      layout_loops_ring
D:3:      layout_rooms, demons_altar
D:4:      layout_loops_ring, hangedman_decor_push
D:5:      layout_gridville, minmay_temple_entry_statues_pillars,
          biasface_ghost_orc_armoury, serial_shops, shop,
          hangedman_decor_peaks_small, minmay_manual_macuahuitl
D:6:      layout_loops_cross, riverfiend_overflow_shadow_ancestor,
          gammafunk_temple_overflow_statue, hex_medium,
          kennysheep_generic_room_13, uniq_pikel, uniq_blork_the_orc,
          uniq_grinder
D:7:      layout_rooms, serial_shops, nicolae_shop_tiny_real_fake_doors,
          sigmund_edmund_badplayer, uniq_prince_ribbit1
D:8:      layout_basic, nemelex_spade_bored_becter,
          nicolae_tso_swordbearing_angel, enter_bailey_7, uniq_psyche
D:9:      layout_basic, grunt_temple_overflow_gold_and_silver,
          fedhas_altar_fruit_tree, grunt_lair_entry_orc_guard_hut,
          ebering_ghost_gozag
D:10:     layout_roguey, nicolae_qazlal_general_emergency,
          mainiacjoe_overflow_brackets, lemuel_doored_altar, minivault_21
D:11:     layout_basic, david_orc_2, uniq_sonja
D:12:     layout_gridville, kennysheep_generic_room_14
D:13:     layout_basic, erik_vaults_2, minmay_misc_feat_secret_circle
D:14:     layout_basic, gauntlet_entry_generic,
          beargit_hepliaklqana_dungeon_heroes
D:15:     gammafunk_enter_depths_forms, layout_gridville,
          chequers_serial_rivers_marsh, chequers_avenue
Lair:1:   layout_regular_city, grunt_megastairs_1, lemuel_fruit_tree
Lair:2:   layout_misc_corridors, spider_nest_entry_rubble, basic_altar,
          infiniplex_staircase_pool, serial_bayou_shore_b
Lair:3:   lemuel_reptile_caves, layout_cave_pods,
          minmay_shoals_entry_lonely_mermaid
Lair:4:   layout_misc_corridors, nicolae_slime_entry_field_trip, uniq_nessos
Lair:5:   evilmike_catoblepas_cave, layout_hall_layers, serial_bayou_crossing,
          infiniplex_staircase_pool_2, uniq_urug, uniq_josephine, uniq_kirke
Shoals:1: layout_shoals, serial_shops, shop, uniq_donald, uniq_nikola
Shoals:2: layout_shoals, gammafunk_ghost_wrathful_warriors,
          nicolae_shoals_shepherds, uniq_polyphemus
Shoals:3: layout_shoals, uniq_ilsuiw
Shoals:4: shoals_end_simple, layout_shoals, serial_shops,
          nicolae_shop_window_shopping, nicolae_shop_vocational
Spider:1: layout_chambers
Spider:2: cheibrodos_spider_deadly_dance
Spider:3: layout_spider_delve, gammafunk_ghost_berserking_beasts,
          nicolae_spider_eight_legs
Spider:4: grunt_spider_rune_circles, uniq_roxanne
Orc:1:    layout_caves, serial_shops, nicolae_shop_hallway_plus
Orc:2:    st_orc_open, layout_caves, basic_altar, nicolae_alphabet_shops
Elf:1:    eino_elf_arrival_altar, layout_onion_city, serial_shops,
          nicolae_shop_gibbet_a_chance, minmay_elf_sorcery, uniq_jorgrun,
          uniq_aizul
Elf:2:    elven_hall_of_blades_hangedman_original
          [nicolae_vaults_blade_armed_guards], layout_loops_ring
Elf:3:    minmay_elf_hall_curves, layout_geoelf_castle, drop_trap,
          nicolae_concentric_dashed_squares_wild, uniq_mara
Vaults:1: nicolae_vaults_house_1, nicolae_vaults_storage_closets_2,
          nicolae_vaults_little_squares_5, nicolae_vaults_diagonal_hallway_7,
          nicolae_vaults_double_plus_3, serial_ice_b,
          nicolae_vaults_security_offices_4, grunt_vaults_swirl,
          nicolae_vaults_tetromino_L_1, nicolae_vaults_trapezoid_2,
          layout_vaults_omnigrid, serial_shops, shop
Vaults:2: v_rooms_4, v_misc_14, hangedman_vaults_river_flow,
          grunt_vaults_bifocal, nicolae_vaults_network_periphery, v_misc_16,
          vaults_room_boxed, nicolae_vaults_heist,
          nicolae_vaults_storage_closets_1, nicolae_vaults_surprise_closet_hard,
          layout_vaults_maze_snakey
Vaults:3: st_lines, v_misc_9, nicolae_vaults_little_squares_2,
          nicolae_vaults_diamond_2, ontoclasm_vaults_hangar, v_misc_17,
          nicolae_vaults_shrinking_rooms_2, minmay_crypt_entry_necro_gods,
          ontoclasm_vaults_claustrophobia, v_misc_15,
          nicolae_vaults_frosty_reception, layout_vaults_ring, uniq_norris
Vaults:4: infiniplex_enter_wizlab_glasses, hangedman_vaults_stitches,
          nicolae_vaults_sightless_eye, ontoclasm_vaults_fault,
          dpeg_vaults_monster_row, ontoclasm_vaults_ring_square,
          nicolae_vaults_rhombus_5, nicolae_vaults_circle_grid_b,
          nicolae_vaults_layer_cake_slice,
          nicolae_vaults_windows_and_doors_thing, nicolae_vaults_six-pack,
          layout_vaults_chaotic_city
Vaults:5: uniq_boris
Crypt:1:  gammafunk_crypt_yreds_forest, layout_chaotic_city,
          gammafunk_ghost_arena, hex_large, serial_library_hellmonk_metal_room
Crypt:2:  layout_regular_city
Crypt:3:  cryptofortress_bobbens
Depths:1: layout_small_grid, hellmouth_1, kiku_gazebo_garden_becter,
          yredelemnul_forgotten_temple_becter, grunt_megastairs_3,
          minmay_shop_star
Depths:2: minmay_connected_triangles_in_corner, layout_cave_pools,
          grunt_pan_entry_sceptre, nicolae_ru_sacrificial_ziggurat, hell_entry,
          minmay_holes, infiniplex_staircase_zigzag_2, uniq_asterion, uniq_vv
Depths:3: minmay_the_grid_square_5x5_3x3 [minmay_the_grid_square_5x5_three,
          minmay_the_grid_square_5x5_dogpile, minmay_the_grid_square_5x5_seven,
          minmay_the_grid_square_5x5_broken_cross,
          minmay_the_grid_square_5x5_megaprize_open,
          minmay_the_grid_square_5x5_two, minmay_the_grid_square_5x5_trominoes,
          minmay_the_grid_square_5x5_half_checkered,
          minmay_the_grid_square_5x5_two_small], layout_basic, enter_ziggurat_b,
          abyss_entry_crystal, grunt_hell_entry_dis_grunt,
          minmay_strange_pillars
Depths:4: grunt_twist_and_shout, layout_gridville, pf_hell_entry_tar_spiral,
          nicolae_trove_entry_crossroad, minmay_misc_feat_four_crosses
Hell
Zot:1:    layout_misc_corridors, grunt_ministairs_13, st_single_dragon_hoard_4,
          regret_index_zotdec_fiery_em, uniq_josephina
Zot:2:    layout_basic, skrybe_zot_glass_2, regret_index_zotdec_twisting_globes
Zot:3:    minmay_elemental_castle, layout_twisted_circle,
          regret_index_zotdec_zees, lemuel_elevator
Zot:4:    layout_twisted_circle
Zot:5:    layout_misc_corridors

Skill      XL: |  1  2  3  4  5  6  7  8  9 10 11 12 13 14 15 16 17 18 19 20 21 22 23 24 25 26 27 |
---------------+----------------------------------------------------------------------------------+-----
Ranged Weapons | 1 2 |  2.0
Polearms       | 2 4 6 8 10 13 16 19 20 24 | 24.0
Evocations     | 4 7 14 19 20 24 27 | 27.0
Fighting       | 8 10 11 15 16 17 20 23 27 | 27.0
Dodging        | 12 14 20 26 27 | 27.0
Armour         | 4 9 10 12 14 15 17 | 17.1
Stealth        | |  2.1
Spellcasting   | |  2.0
Conjurations   | |  0.7
Earth Magic    | |  2.4

Action                     |  1- 3 |  4- 6 |  7- 9 | 10-12 | 13-15 | 16-18 | 19-21 | 22-24 | 25-27 || total
---------------------------+-------+-------+-------+-------+-------+-------+-------+-------+-------++-------
  Melee: Club              |     4 |       |       |       |       |       |       |       |       ||     4
         Bardiche          |       |    86 |   192 |   288 |       |   575 |  1217 |  1289 |  1151 ||  4798
         Glaive            |       |       |       |   249 |   864 |   298 |       |       |       ||  1411
         Tailslap          |       |       |       |     9 |     3 |    41 |    12 |     5 |    19 ||    89
   Fire: Sling             |   141 |     4 |       |       |       |       |       |       |       ||   145
   Cast: Sandblast         |     2 |       |       |       |       |       |       |       |       ||     2
  Evoke: Wand              |       |       |     2 |    11 |     6 |    10 |     3 |       |     6 ||    38
    Use: Scroll            |       |       |    10 |    13 |     9 |     5 |    11 |     5 |    10 ||    63
         Potion            |       |       |       |     2 |     4 |     5 |     5 |       |    11 ||    27
   Stab: Sleeping          |     1 |       |     5 |     9 |     2 |       |       |       |       ||    17
         Distracted        |       |       |     3 |     2 |       |    13 |    18 |    39 |    27 ||   102
         Paralysed         |       |       |       |     5 |     6 |     2 |       |       |       ||    13
         Petrified         |       |       |       |       |       |     2 |       |       |       ||     2
         Invisible         |       |       |       |       |       |       |       |       |     4 ||     4
 Armour: Robe              |    30 |       |       |       |       |       |       |       |       ||    30
         Scale mail        |    34 |    27 |       |       |       |       |       |       |       ||    61
         Plate armour      |       |    60 |    69 |       |       |       |       |       |       ||   129
         Leather armour    |       |       |    74 |   260 |   144 |       |       |       |       ||   478
         Chain mail        |       |       |       |       |   308 |   648 |   742 |   594 |    19 ||  2311
         Fire dragon scale |       |       |       |       |       |       |       |       |   616 ||   616
  Dodge: Dodged            |    66 |    11 |    96 |   268 |   384 |   464 |   737 |   645 |   882 ||  3553
